Map: Zen LE

Players

tarquin

  • Race: Zerg Zerg
  • League: Diamond
  • Spawn Location: 7:00

rickybobby - Winner!

  • Race: Terran Terran
  • League: Diamond
  • Spawn Location: 1:00

VOD

Have the link to the VOD?

Description

Time

  • Played on: April 11, 2020, 10:56 a.m.
  • Length: 5:43
Show
View Real Time Build Order
Export as new Build Order

tarquin Zerg 

Build Orders: Hatch First 

Get SALT Encoding   

  12  0:00  Drone  
  13  0:13  Overlord  
  13  0:16  Drone  
  14  0:31  Drone x2  
  17  0:35  Drone  
  17  0:52  Hatchery  
  17  0:54  Drone  
  17  0:59  Drone  
  18  1:08  Extractor  
  17  1:13  Spawning Pool  
  17  1:16  Drone  
  17  1:21  Drone  
  18  1:29  Drone  
  19  1:40  Drone  
  20  1:50  Overlord  
  20  2:01  Queen  
  20  2:03  Queen  
  20  2:04  Zergling x4  
  26  2:13  Drone  
  26  2:15  Metabolic Boost  
  27  2:19  Drone  
  28  2:25  Drone x2  
  30  2:37  Drone x2  
  31  2:55  Drone x3  
  34  3:04  Hatchery  
  34  3:05  Queen  
  33  3:06  Overlord x2  
  33  3:11  Drone  
  36  3:22  Overlord  
  36  3:24  Drone  
  37  3:27  Drone  
  38  3:36  Zergling x10  
  38  3:37  Zergling x4  
  38  3:41  Queen  
  47  3:51  Drone  
  47  3:52  Drone x2  
  50  3:56  Drone  
  51  4:09  Drone  
  54  4:10  Drone x4  
  54  4:16  Drone  
  54  4:17  Drone  
  58  4:27  Zergling x8  
  59  4:36  Queen  
  61  4:38  Overlord  
  61  4:39  Overlord x3  
  61  4:42  Pneumatized Carapace  
  61  4:55  Drone  
  61  4:56  Drone x4  
  66  5:06  Zergling x26  
  66  5:15  Zergling x2  
  66  5:16  Zergling x2  
  61  5:26  Zergling x6  
  50  5:37  Baneling Nest  
Show
View Real Time Build Order
Export as new Build Order

rickybobby Terran - Winner!

Build Orders: Reaper Expand 

Get SALT Encoding   

  12  0:00  SCV  
  13  0:13  SCV  
  14  0:17  Supply Depot  
  14  0:25  SCV  
  15  0:38  SCV  
  15  0:39  Barracks  
  16  0:45  Refinery  
  16  0:51  SCV  
  17  1:03  SCV  
  18  1:15  SCV  
  19  1:27  Orbital Command  
  19  1:29  Reaper  
  20  1:45  Command Center  
  20  1:53  SCV  
  21  1:57  Supply Depot  
  21  2:00  Marine  
  22  2:06  Refinery  
  22  2:07  SCV  
  23  2:19  SCV  
  23  2:20  Factory  
  24  2:23  Barracks Reactor  
  24  2:31  SCV  
  25  2:43  SCV  
  26  2:55  SCV  
  26  3:09  Starport  
  26  3:11  Orbital Command  
  26  3:13  Hellion  
  26  3:14  Hellion  
  26  3:15  Barracks Tech Lab  
  26  3:16  SCV  
  31  3:20  Armory  
  31  3:28  SCV  
  32  3:35  Hellion x2  
  32  3:41  SCV  
  37  3:43  Factory  
  37  3:44  SCV  
  37  3:48  Medivac  
  40  3:53  SCV  
  41  3:56  SCV  
  41  3:57  Supply Depot  
  41  4:00  Hellion  
  46  4:03  Hellion  
  46  4:18  SCV x2  
  46  4:21  Supply Depot  
  46  4:22  Hellion  
  52  4:24  Hellion  
  52  4:40  SCV x2  
  52  4:43  Supply Depot  
  54  4:49  Supply Depot  
Tags
 
Add a new tag
Caveats
  • Supply blocks, unpowered buildings, or Contaminate may cause inaccurate times.
  • Supply counts are checked every 10 seconds.